Map: Lightshade LE

Players

Serral

  • Race: Zerg Zerg

cure - Winner!

  • Race: Terran Terran

Event: TSL 7

VOD

Have the link to the VOD?

Description

Time

  • Played on: June 26, 2021, 12:35 p.m.
  • Length: 14:28

All games in this series

Show
View Real Time Build Order
Export as new Build Order

Serral Zerg 

Build Orders: Hatch First 

Get SALT Encoding   

  12  0:00  Drone  
  13  0:12  Overlord  
  13  0:17  Drone  
  14  0:31  Drone x2  
  16  0:48  Hatchery  
  15  0:51  Drone  
  15  0:55  Drone  
  17  0:58  Drone  
  18  1:06  Drone  
  18  1:09  Extractor  
  18  1:16  Spawning Pool  
  17  1:20  Drone  
  18  1:28  Drone  
  19  1:38  Drone  
  20  1:49  Drone  
  21  2:03  Queen x2  
  21  2:04  Zergling x4  
  27  2:11  Overlord  
  27  2:12  Drone  
  28  2:22  Hatchery  
  27  2:25  Drone  
  28  2:33  Drone x3  
  31  2:38  Metabolic Boost  
  31  2:45  Queen  
  31  2:49  Overlord  
  33  2:52  Drone  
  33  2:54  Drone  
  33  2:57  Drone  
  36  3:04  Overlord  
  36  3:08  Drone  
  36  3:11  Drone x3  
  40  3:15  Queen  
  40  3:19  Drone  
  44  3:20  Drone  
  44  3:25  Queen  
  46  3:32  Baneling Nest  
  45  3:34  Queen  
  45  3:38  Overlord  
  47  3:43  Drone x2  
  47  3:44  Drone  
  47  3:45  Drone  
  47  3:46  Drone  
  52  3:50  Overlord  
  52  3:54  Zergling x2  
  52  3:55  Zergling x2  
  54  3:56  Drone x2  
  54  3:59  Overlord  
  56  4:03  Overlord  
  56  4:07  Zergling x2  
  57  4:10  Queen  
  57  4:13  Overlord  
  57  4:14  Drone  
  57  4:15  Drone  
  61  4:17  Zergling x2  
  61  4:18  Zergling x2  
  61  4:19  Zergling x2  
  64  4:25  Zergling x8  
  64  4:27  Zergling x2  
  64  4:30  Queen  
  71  4:35  Zergling x4  
  71  4:38  Baneling x6  
  72  4:40  Extractor, Zergling x2  
  72  4:41  Zergling x2  
  72  4:44  Zergling x4  
  75  4:45  Zergling x2  
  75  4:46  Zergling x2  
  77  4:54  Queen  
  77  4:56  Overlord  
  77  4:57  Drone x3  
  82  5:01  Drone x2  
  82  5:02  Drone  
  85  5:09  Extractor  
  85  5:10  Lair  
  85  5:13  Drone x3  
  87  5:14  Drone x2  
  87  5:17  Overlord  
  89  5:21  Drone x3  
  89  5:23  Extractor  
  89  5:26  Baneling x3  
  89  5:27  Zergling x4  
  91  5:30  Queen  
  91  5:32  Zergling x2  
  94  5:37  Zergling x10  
  99  5:44  Baneling x2  
  99  5:45  Evolution Chamber x2  
  99  5:48  Zergling x8  
  99  5:49  Zergling x2  
  101  5:50  Zergling x2  
  101  5:55  Zergling x2  
  103  6:01  Queen  
  105  6:12  Centrifical Hooks  
  105  6:16  Zerg Ground Armor Level 1  
  105  6:18  Overlord x3  
  105  6:24  Zerg Melee Weapons Level 1  
  105  6:31  Baneling x4  
  105  6:32  Overlord  
  105  6:36  Queen x2  
  110  6:40  Zergling x16  
  117  6:48  Baneling x6  
  117  6:49  Baneling  
  117  6:53  Zergling x4  
  117  6:54  Zergling x2  
  120  7:00  Zergling x8  
  124  7:03  Hatchery  
  124  7:07  Zergling x10  
  126  7:16  Baneling x10  
  126  7:21  Zergling x8  
  128  7:25  Baneling x4  
  129  7:30  Zergling x6  
  131  7:43  Zergling x14  
  106  7:47  Zergling x8  
  107  7:55  Baneling x5  
  107  7:57  Baneling x4  
  104  8:01  Drone x5  
  109  8:05  Burrow  
  109  8:12  Infestation Pit  
  108  8:13  Drone x4  
  110  8:20  Overlord  
  110  8:29  Zergling x14  
  117  8:34  Zerg Melee Weapons Level 2  
  117  8:38  Zergling x12  
  117  8:40  Queen  
  125  8:45  Zerg Ground Armor Level 2  
  124  8:49  Drone x4  
  124  8:51  Drone  
  124  8:54  Drone x2  
  128  8:58  Zergling x6  
  128  9:00  Drone  
  132  9:06  Zergling x10  
  137  9:11  Zergling x8  
  137  9:14  Drone  
  137  9:15  Drone  
  137  9:16  Overlord  
  143  9:18  Baneling x5  
  143  9:23  Hive  
  143  9:27  Zergling x8  
  143  9:28  Zergling x2  
  148  9:31  Baneling  
  148  9:32  Baneling x6  
  148  9:35  Zergling x2  
  148  9:36  Zergling x8  
  152  9:46  Drone  
  152  9:48  Drone x2  
  152  9:49  Extractor x2, Drone x3  
  152  9:51  Drone x3  
  157  9:57  Zergling x10  
  159  10:00  Overlord x2  
  159  10:01  Hatchery, Baneling  
  159  10:02  Baneling  
  159  10:03  Overlord  
  159  10:05  Overlord  
  156  10:07  Overlord  
  156  10:17  Zergling x6  
  159  10:22  Baneling x2  
  159  10:25  Zergling x20  
  168  10:31  Drone  
  168  10:33  Spore Crawler  
  168  10:34  Adrenal Glands  
  168  10:35  Viper x2  
  167  10:36  Ultralisk Cavern  
  169  10:43  Drone  
  169  10:44  Drone x4, Extractor  
  169  10:46  Drone x4  
  169  10:47  Drone x3  
  169  10:49  Zergling x4  
  182  10:51  Baneling  
  182  10:56  Zergling x2  
  182  10:57  Zergling x8  
  187  11:00  Zergling x2  
  187  11:01  Zergling x2  
  189  11:09  Baneling  
  189  11:10  Baneling x8  
  189  11:11  Baneling x12  
  189  11:16  Zergling x6  
  189  11:17  Zergling x16  
  200  11:20  Baneling x4  
  198  11:29  Zergling x2  
  199  11:39  Zergling x20  
  197  11:40  Baneling  
  197  11:41  Baneling x9  
  197  11:42  Zergling x16  
  166  12:06  Zergling x32  
  146  12:11  Baneling x3  
  141  12:18  Chitinous Plating  
  141  12:19  Zergling x10  
  141  12:20  Queen x2  
  141  12:21  Queen x2  
  156  12:26  Hatchery  
  146  12:34  Zergling x18  
  152  12:38  Baneling x2  
  149  12:45  Zergling x6  
  145  12:54  Baneling x10  
  145  12:55  Baneling x5  
  142  13:05  Ultralisk x3  
  142  13:09  Zergling x10  
  135  13:22  Zergling x6  
  127  13:35  Zergling x18  
  124  13:42  Zergling x4  
  124  13:44  Baneling x5  
  124  13:47  Ultralisk x2  
  138  13:55  Zergling x10  
  129  14:00  Zergling x10  
Show
View Real Time Build Order
Export as new Build Order

cure Terran - Winner!

Build Orders:  

Get SALT Encoding   

  12  0:00  SCV  
  13  0:12  SCV  
  14  0:17  Supply Depot  
  14  0:24  SCV  
  15  0:38  SCV  
  15  0:39  Barracks  
  16  0:42  Refinery  
  16  0:50  SCV  
  17  1:02  SCV  
  18  1:14  SCV  
  19  1:27  Barracks Reactor, Orbital Command  
  19  1:37  Command Center  
  19  1:46  Supply Depot  
  19  1:52  SCV  
  20  1:59  Barracks  
  20  2:05  SCV  
  20  2:08  Marine x2  
  23  2:17  SCV  
  23  2:19  Barracks  
  24  2:25  Marine  
  24  2:26  Marine  
  24  2:29  SCV  
  27  2:41  SCV  
  27  2:44  Marine x2  
  28  2:46  Barracks Tech Lab  
  28  2:49  Orbital Command  
  30  2:53  SCV  
  31  3:02  Marine x2  
  31  3:05  SCV, Marine  
  34  3:06  Stimpack  
  34  3:07  Barracks Tech Lab  
  34  3:12  Supply Depot  
  35  3:16  SCV  
  35  3:17  SCV  
  37  3:25  Marine x4  
  41  3:28  SCV  
  41  3:29  SCV, Combat Shield  
  43  3:35  Supply Depot  
  43  3:40  SCV  
  44  3:41  SCV  
  44  3:43  Marine x4  
  49  3:50  Supply Depot  
  49  3:52  SCV  
  49  3:53  SCV  
  49  3:55  Factory  
  51  4:01  Marine x4  
  55  4:05  SCV  
  55  4:06  SCV  
  55  4:09  Refinery x2  
  57  4:14  Engineering Bay  
  57  4:17  SCV  
  58  4:18  SCV  
  58  4:21  Marine x4  
  63  4:29  Refinery, SCV  
  63  4:30  SCV  
  65  4:33  Supply Depot  
  65  4:39  Starport, Factory Reactor  
  65  4:41  Marine x3  
  65  4:43  Marine  
  69  4:46  SCV  
  69  4:50  Terran Infantry Weapons Level 1  
  70  4:55  SCV  
  70  4:59  Supply Depot  
  70  5:01  Marine x3  
  70  5:05  SCV  
  74  5:07  SCV  
  74  5:08  Barracks Reactor  
  74  5:12  Supply Depot  
  75  5:20  Marine x2  
  75  5:21  Marine  
  78  5:22  SCV x2, Supply Depot  
  80  5:29  Medivac x2  
  84  5:38  Marine x3  
  84  5:39  Siege Tank  
  90  5:45  Supply Depot  
  90  5:46  Marine, Supply Depot  
  90  5:49  Marine  
  92  5:55  SCV x2  
  94  5:58  Supply Depot  
  94  6:02  Marine x2  
  94  6:03  Marine  
  97  6:04  Marine  
  97  6:07  Marine, Medivac  
  101  6:12  Siege Tank  
  101  6:16  Medivac  
  106  6:21  Supply Depot  
  106  6:28  Marine x4  
  106  6:31  Marine  
  111  6:39  SCV  
  113  6:40  SCV  
  113  6:48  Marine x4  
  113  6:49  Marine  
  113  6:53  Medivac, Siege Tank  
  113  6:54  Medivac  
  125  6:57  Terran Infantry Armor Level 1  
  125  7:07  Marine x5  
  130  7:22  Command Center  
  130  7:25  Marine x2, Medivac  
  134  7:32  Supply Depot x2  
  134  7:34  Marine x2, Medivac  
  96  7:45  Marine x2  
  96  7:46  Marine  
  82  7:51  Marine x2  
  82  7:52  Siege Tank  
  87  8:01  Barracks  
  87  8:03  Marine x3  
  87  8:04  Barracks  
  90  8:09  Liberator x2  
  96  8:18  Marine x2  
  98  8:21  Marine x3  
  98  8:24  Siege Tank  
  104  8:29  Armory  
  104  8:36  Orbital Command  
  104  8:37  SCV x2  
  106  8:43  Marine x5  
  111  8:52  Liberator  
  109  8:56  Barracks Reactor, Liberator  
  109  8:57  Barracks Reactor  
  109  9:01  Marine x3  
  115  9:05  Marine  
  115  9:06  Siege Tank  
  119  9:10  Orbital Command  
  119  9:11  Marine  
  119  9:14  SCV x2  
  120  9:18  Marine x3  
  120  9:21  Terran Infantry Weapons Level 2  
  123  9:27  Engineering Bay  
  123  9:28  Marine  
  123  9:29  Marine  
  125  9:42  Siege Tank  
  128  9:48  Bunker, Marine x4  
  128  9:49  Liberator  
  128  9:50  Sensor Tower  
  128  9:52  Liberator  
  138  9:57  Marine x4  
  141  10:03  Marine  
  141  10:06  Marine x3  
  145  10:10  Marine  
  146  10:14  Terran Infantry Armor Level 2  
  146  10:15  Marine x3  
  146  10:16  Marine  
  146  10:20  Marine  
  151  10:23  Siege Tank  
  151  10:24  Marine x3  
  151  10:28  Marine  
  156  10:32  Marine  
  156  10:33  Marine x2  
  156  10:34  Marine  
  156  10:35  Liberator  
  164  10:38  Marine  
  164  10:41  Marine x2  
  164  10:42  Marine  
  166  10:46  Marine  
  167  10:50  Marine x2, Supply Depot x2  
  167  10:51  Marine, Supply Depot  
  167  10:52  Marine  
  167  10:56  Marine  
  172  10:59  Marine  
  172  11:00  Marine x2  
  172  11:02  Siege Tank  
  172  11:04  Marine  
  170  11:08  Marine x2  
  170  11:09  Marine  
  173  11:11  Marine  
  173  11:14  Marine  
  173  11:17  Marine  
  176  11:25  Marine x3  
  176  11:26  Marine  
  180  11:34  Marine x4, Siege Tank  
  180  11:37  Marine  
  180  11:39  Liberator x2  
  190  11:43  Marine x3  
  180  11:55  Marine x2  
  180  11:56  Marine  
  175  12:02  Marine x6  
  144  12:10  Siege Tank  
  144  12:13  Marine x3  
  147  12:19  Marine x2  
  147  12:20  Marine  
  147  12:21  Marine x3  
  147  12:22  Medivac x2  
  156  12:31  Marine x3  
  154  12:37  Marine x3  
  154  12:39  Marine x3  
  160  12:49  Marine x3  
  159  12:55  Marine x3  
  159  12:57  Marine x3  
  154  12:58  Siege Tank  
  154  13:01  Medivac  
  149  13:07  Marine x3  
  152  13:13  Marine x3  
  152  13:15  Marine x3  
  148  13:24  Marine x2  
  148  13:25  Marine  
  149  13:31  Marine x3  
  149  13:33  Marine x3  
  137  13:42  Marine x3  
  137  13:43  Siege Tank  
  149  13:49  Marine x3  
  149  13:50  Marine x3  
  147  14:00  Marine x3  
  138  14:06  Marine x2  
  138  14:07  Marine  
  138  14:08  Marine x3  
Tags
 
Add a new tag
Caveats
  • Supply blocks, unpowered buildings, or Contaminate may cause inaccurate times.
  • Supply counts are checked every 10 seconds.